 Dungeon Crawl Stone Soup version 0.18-b1-16-g289874d (webtiles) character file.

2502 otab the Basher (level 9, -2/97 HPs)
             Began as an Ogre Berserker on May 1, 2016.
             Was an Elder of Trog.
             Slain by an orc
             ... wielding a +0 mace of holy wrath
              (5 damage)
             ... on level 6 of the Dungeon.
             The game lasted 00:08:27 (7572 turns).

otab the Basher (Ogre Berserker)                    Turns: 7572, Time: 00:08:28

Health: -2/97      AC:  7    Str: 24    XL:     9   Next: 53%
Magic:  9/9        EV: 14    Int:  6    God:    Trog [****..]
Gold:   234        SH:  0    Dex: 16    Spells: 0 memorised, 8 levels left

rFire  . . .     SeeInvis .     d - +0 giant spiked club
rCold  . . .     Gourm    .     b - +1 animal skin
rNeg   . . .     Faith    .     (shield currently unavailable)
rPois  .         Spirit   .     (helmet restricted)
rElec  .         Dismiss  .     (no cloak)
rCorr  .         Reflect  .     (gloves unavailable)
SustAt .         Harm     .     (boots unavailable)
MR     .....                    (no amulet)
Stlth  +.........               s - +4 ring of dexterity
                                v - +3 ring of protection

@: not resistant to hostile enchantments, very unstealthy
A: unfitting armour, tough skin 1
a: Berserk, Trog's Hand, Brothers in Arms, Burn Spellbooks, Renounce Religion


You were on level 6 of the Dungeon.
You worshipped Trog.
Trog was greatly pleased with you.
You were hungry.

You visited 1 branch of the dungeon, and saw 6 of its levels.
You also visited: Sewer.

You collected 234 gold pieces.

Inventory:

Hand Weapons
 d - a +0 giant spiked club (weapon)
Armour
 b - a +1 animal skin (worn)
Jewellery
 s - a +4 ring of dexterity (right hand)
 v - a +3 ring of protection (left hand)
Wands
 w - a wand of lightning (0/15)
Scrolls
 a - 2 scrolls of identify
 f - a scroll of enchant armour
 g - a scroll of recharging
 i - 2 scrolls of magic mapping
 o - 3 scrolls of teleportation
Potions
 n - a potion of cancellation
 p - 2 potions of brilliance
 u - a potion of degeneration
 x - 3 potions of ambrosia
Comestibles
 c - 3 bread rations
 h - a beef jerky


   Skills:
 + Level 8.3 Fighting
 * Level 11.7 Maces & Flails
 + Level 7.1 Dodging
 + Level 0.2 Evocations


You had 8 spell levels left.
You didn't know any spells.

Dungeon Overview and Level Annotations

Branches:
Dungeon (6/15)             Temple (0/1) D:5

Altars:
Ashenzari
Dithmenos
Gozag
Pakellas
Ru
Yredelemnul
Zin
The Shining One


Innate Abilities, Weirdness & Mutations

You are too large for most types of armour.
You have tough skin (AC +1).


Message History

You hit the orc priest.
The orc priest is moderately wounded.
The orc hits you with a mace of holy wrath.
* * * LOW HITPOINT WARNING * * *
The orc priest closely misses you.
Unknown command.
You hit the orc priest but do no damage.
The orc priest is moderately wounded.
The orc hits you but does no damage. The orc priest barely misses you.
Unknown command.
You barely miss the orc priest.
The orc priest is moderately wounded.
The orc misses you.
The orc priest hits you but does no damage.
Unknown command.
You perforate the orc priest like a sieve!!!
You kill the orc priest!
Trog accepts your kill.
The orc hits you with a mace of holy wrath.
You die...

.........#...#...>......
.#.##..........#........
.#.##.#.....##>.o.o....#
.#.#.$....o.(..(oo§.....
.#)#........(o.######...
.#.......[...o## #
###.[$........# ...
###[..........#########.....
...)..........#o@((.........
...............)#######.....
####...##..##.......# ...
{###.#.<##.########... .
.l...##.##..# #
####>##...#.# ######...#
#####


You could see an orc.

Vanquished Creatures
  A two-headed ogre (D:6)
  3 orc warriors
  A necrophage (D:5)
  4 ogres
  4 big kobolds (Sewer)
  3 giant frogs
  Blork the orc (D:4)
  2 scorpions (D:4)
  A howler monkey (D:5)
  3 crimson imps
  6 hounds
  A jelly (D:5)
  3 orc priests
  4 orc wizards
  A centaur skeleton (D:4)
  2 giant frog skeletons
  Ijyb (D:3)
  15 adders
  A river rat (Sewer)
  A shadow imp (D:5)
  2 oozes (Sewer)
  An adder skeleton (D:4)
  An adder zombie (D:6)
  10 worms
  2 dart slugs (D:1)
  5 giant geckos
  22 orcs
  6 ball pythons
  6 bats
  6 giant cockroaches
  8 goblins
  3 hobgoblins
  6 jackals
  9 kobolds
  3 quokkas
  A ball python skeleton (D:3)
  A giant gecko skeleton (D:5)
  4 giant newts
  10 rats
164 creatures vanquished.

Notes
Turn   | Place    | Note
--------------------------------------------------------------
     0 | D:1      | otab the Ogre Berserker began the quest for the Orb.
     0 | D:1      | Reached XP level 1. HP: 24/24 MP: 1/1
   174 | D:1      | Reached XP level 2. HP: 32/32 MP: 2/2
  1010 | D:2      | Reached XP level 3. HP: 40/40 MP: 3/3
  1053 | D:2      | Reached ** piety under Trog
  1087 | D:2      | Found a shadowy altar of Dithmenos.
  1387 | D:2      | Reached skill level 5 in Maces & Flails
  1517 | D:2      | Reached XP level 4. HP: 42/49 MP: 4/4
  2196 | D:3      | Found a sacrificial altar of Ru.
  2630 | D:3      | Noticed Ijyb
  2639 | D:3      | Killed Ijyb
  2639 | D:3      | Reached XP level 5. HP: 34/55 MP: 5/5
  3040 | D:4      | Found a glowing drain.
  3049 | D:4      | Reached *** piety under Trog
  3070 | Sewer    | Entered a sewer
  3387 | Sewer    | Noticed a big kobold
  3387 | Sewer    | Noticed a big kobold
  3401 | Sewer    | Killed a big kobold
  3401 | Sewer    | Reached skill level 5 in Fighting
  3401 | Sewer    | Reached skill level 6 in Maces & Flails
  3420 | Sewer    | Killed a big kobold
  3420 | Sewer    | Reached XP level 6. HP: 27/66 MP: 6/6
  3760 | Sewer    | Reached skill level 7 in Maces & Flails
  3760 | Sewer    | Reached skill level 5 in Dodging
  3760 | Sewer    | Reached XP level 7. HP: 64/72 MP: 7/7
  4363 | D:4      | Reached skill level 8 in Maces & Flails
  4606 | D:4      | Reached **** piety under Trog
  4867 | D:4      | Reached XP level 8. HP: 61/83 MP: 8/8
  4871 | D:4      | Found an opulent altar of Gozag.
  4948 | D:4      | Noticed Blork the orc
  4953 | D:4      | Killed Blork the orc
  5261 | D:5      | Entered Level 5 of the Dungeon
  5355 | D:5      | Found a staircase to the Ecumenical Temple.
  5360 | D:5      | Reached skill level 9 in Maces & Flails
  5673 | D:5      | Found a glowing silver altar of Zin.
  6007 | D:5      | Found a shattered altar of Ashenzari.
  6007 | D:5      | Found a basalt altar of Yredelemnul.
  6007 | D:5      | Found an oddly glowing altar of Pakellas.
  6634 | D:6      | Reached skill level 10 in Maces & Flails
  6808 | D:6      | Reached XP level 9. HP: 60/92 MP: 9/9
  6949 | D:6      | Noticed a two-headed ogre
  6954 | D:6      | Killed a two-headed ogre
  6954 | D:6      | Reached skill level 11 in Maces & Flails
  7394 | D:6      | Found a glowing golden altar of the Shining One.
  7569 | D:6      | HP: 2/97 [orc/mace of holy wrath (5)]
  7572 | D:6      | Slain by an orc

Skill      XL: |  1  2  3  4  5  6  7  8  9 |
---------------+----------------------------+-----
Dodging        | 3 4 5 6 7 |  7.1
Maces & Flails | 5 6 7 8 10 11 | 11.7
Fighting       | 5 6 7 8 |  8.3
Evocations     | |  0.2

Action                   |  1- 3 |  4- 6 |  7- 9 || total
-------------------------+-------+-------+-------++-------
Melee: Mace              |    97 |   204 |    77 ||   378
       Giant spiked club |       |       |   183 ||   183
Invok: Berserk           |       |     1 |     1 ||     2
Evoke: Wand              |       |       |     6 ||     6
  Use: Scroll            |       |     7 |    10 ||    17
       Potion            |       |       |     7 ||     7
 Stab: Sleeping          |     2 |       |       ||     2
       Invisible         |       |       |     3 ||     3
  Eat: Chunk             |     2 |     2 |     7 ||    11
       Meat ration       |       |     1 |     1 ||     2
       Beef jerky        |       |       |     2 ||     2
Armor: Animal skin       |    39 |    50 |    78 ||   167
Dodge: Dodged            |    69 |    97 |   214 ||   380
